 Dungeon Crawl Stone Soup version 0.28-a0-1435-g82390b3a13 (webtiles) character file.

Game seed: 2911967846183467789

19 anonymouscript the Grasshopper (level 2, -1/26 HPs)
             Began as a Gnoll Warper on Jan 10, 2022.
             Slain by a hound (2 damage)
             ... on level 2 of the Dungeon.
             The game lasted 00:02:54 (875 turns).

anonymouscript the Grasshopper (Gnoll Warper)        Turns: 875, Time: 00:02:54

Health: -1/26      AC:  3    Str: 10    XL:     2   Next: 75%
Magic:  7/7        EV: 12    Int: 18    God:
Gold:   30         SH:  0    Dex: 11    Spells: 8/10 levels left

rFire   . . .      SeeInvis .   a - +0 falchion
rCold   . . .      Faith    .   (no shield)
rNeg    . . .      Spirit   .   b - +0 leather armour
rPois   .          Reflect  .   (no helmet)
rElec   .          Harm     .   (no cloak)
rCorr   .          Rampage  .   (no gloves)
Will    .....                   (no boots)
Stlth   +.........              (no amulet)
HPRegen 0.08/turn               g - +6 ring of intelligence
MPRegen 0.10/turn               (no ring)

@: no status effects
A: fangs 1, strong nose, distributed training
a: no special abilities


You were on level 2 of the Dungeon.
You visited 1 branch of the dungeon, and saw 2 of its levels.

You collected 30 gold pieces.

Inventory:

Hand Weapons
 a - a +0 falchion (weapon)
Missiles
 d - 3 boomerangs of dispersal (quivered)
 i - a throwing net
Armour
 b - a +0 leather armour (worn)
 h - a +0 robe
Magical Staves
 c - a staff of poison
Jewellery
 g - a +6 ring of intelligence (left hand)
Scrolls
 f - a scroll of identify {unknown}
 j - a scroll of vulnerability {unknown}
Potions
 e - a potion of magic {unknown}


   Skills:
 + Level 4.5 Fighting
 + Level 0.5 Short Blades
 + Level 4.5 Long Blades
 + Level 0.5 Axes
 + Level 0.5 Maces & Flails
 + Level 0.5 Polearms
 + Level 0.5 Staves
 + Level 0.5 Slings
 + Level 0.5 Bows
 + Level 0.5 Crossbows
 + Level 2.5 Throwing
 + Level 2.5 Armour
 + Level 4.5 Dodging
 + Level 0.5 Stealth
 + Level 0.5 Shields
 + Level 0.5 Unarmed Combat
 + Level 4.9 Spellcasting
 + Level 0.3 Conjurations
 + Level 0.3 Hexes
 + Level 0.3 Summonings
 + Level 0.3 Necromancy
 + Level 5.3 Translocations
 + Level 0.3 Transmutations
 + Level 0.3 Fire Magic
 + Level 0.3 Ice Magic
 + Level 0.3 Air Magic
 + Level 0.3 Earth Magic
 + Level 0.3 Poison Magic
 + Level 0.6 Invocations
 + Level 0.5 Evocations


You had 8 spell levels left.
You knew the following spells:

 Your Spells              Type           Power      Damage    Failure   Level
a - Blink                 Tloc           46%        N/A       3%          2

Your spell library contained the following spells:

 Spells                   Type           Power      Damage    Failure   Level
 Gell's Gravitas          Tloc           23%        N/A       6%          3
 Lesser Beckoning         Tloc           23%        N/A       6%          3
 Teleport Other           Tloc           23%        N/A       6%          3
 Manifold Assault         Tloc           23%        N/A       47%         5


Dungeon Overview and Level Annotations

Branches:
Dungeon (2/15)

Altars:


Innate Abilities, Weirdness & Mutations

You have very sharp teeth.
Your uncanny sense of smell can sniff out nearby items.
Your experience applies equally to all skills.


Message History

You closely miss the hound. Your bite misses the hound.
The hound is moderately wounded.
The hound bites you. The hound barely misses you. The hound misses you.
The hound bites you but does no damage. The hound bites you but does no damage.
The hound stops to sniff the ground.
The hound misses you. The hound barely misses you.
Throw: 5 boomerangs (disperse)
Press: ? - help, Q - select action, (/) - cycle Shift-Dir - straight line, f - hound
Aim: a hound (moderately wounded, 48% to hit)
You throw a boomerang of dispersal.
The boomerang of dispersal hits the hound but does no damage.
The hound is moderately wounded.
The hound completely misses you.
Throw: 4 boomerangs (disperse)
Press: ? - help, Q - select action, (/) - cycle Shift-Dir - straight line, f/p - hound
Aim: a hound (moderately wounded, 48% to hit)
You throw a boomerang of dispersal.
The boomerang of dispersal barely misses the hound.
The hound bites you but does no damage. The hound bites you.
* * * LOW HITPOINT WARNING * * *
The hound bites you but does no damage. The hound bites you but does no damage.
The hound closely misses you. The hound bites you but does no damage.
a - a +0 falchion (weapon)
You hit the hound.
The hound is heavily wounded.
The hound bites you.
* * * LOW HITPOINT WARNING * * *
The hound bites you.
* * * LOW HITPOINT WARNING * * *
You barely miss the hound.
The hound is heavily wounded.
The hound bites you.
* * * LOW HITPOINT WARNING * * *
The hound bites you.
You die...

#.# #.# #..###.###.# ##.##
##.###....#.....##
##..(#####...##.#....|#...#
#..#.......#..#.#.###.###.#
##
##...#####..)##.#..#..#...#
.## ##.##.#
##.###.##.#....###
..####.##.# ### #..)).....#
..........#
######.#.....###
..####.#### #..h@..#######
.###.....# #.######
.###.#.#.####.#
#.............#
⌠#.#.#.#.###### ..##.....#
8.####÷### ..#...<#
.#.#####


You could see a hound.

Vanquished Creatures
  A worm (D:2)
  A dart slug (D:2)
  A bat (D:2)
  4 goblins
  2 kobolds
  2 quokkas (D:1)
  A ball python (D:2)
  A frilled lizard (D:1)
13 creatures vanquished.

Notes
Turn   | Place    | Note
-------+----------+-------------------------------------------
     0 | D:1      | anonymouscript the Gnoll Warper began the quest for the
                  | Orb.
     0 | D:1      | Reached XP level 1. HP: 20/20 MP: 6/6
   212 | D:2      | Reached XP level 2. HP: 17/26 MP: 7/7
   220 | D:2      | HP: 1/26 [constriction (1)]
   227 | D:2      | HP: 1/26 [constriction (1)]
   597 | D:2      | Learned a level 2 spell: Blink
   844 | D:2      | Found a faded altar of an unknown god.
   875 | D:2      | HP: 1/26 [hound (3)]
   875 | D:2      | Slain by a hound

Illustrated notes

Levels and vault maps discovered:
D:1:      heliophobic_arrival_enchanted_forest, layout_basic
D:2:      layout_loops_ring, shapermc_ecumenical_altar_venn,
          minmay_misc_feat_tower, minmay_pentomino_t4

Action                   || total
-------------------------++-------
Melee: Falchion          ||    48
       Bite              ||     7
       Staff             ||    15
Throw: Boomerang         ||     2
  Use: Scroll            ||     1
Armor: Leather armour    ||    27
Dodge: Dodged            ||    66

Table legend: (Time is in decaauts)
 A = Elapsed time spent in this place.
 B = Non-inter-level travel time spent in this place.
 C = Inter-level travel time spent in this place.
 D = Time resting spent in this place.
 E = Time spent auto-exploring this place.
 F = Levels seen in this place.
 G = Mean time per level.
                   A        B        C        D        E       F      G
               +--------+--------+--------+--------+--------+-----+--------+
         Total |    881 |    864 |     17 |    301 |    364 |   2 |  440.5 |
       Dungeon |    881 |    864 |     17 |    301 |    364 |   2 |  440.5 |
               +--------+--------+--------+--------+--------+-----+--------+

Top non-repeatable levels by time:
     D:1: 485 daAuts
     D:2: 395 daAuts
